 Dungeon Sprint DCSS version 0.31-a0-1074-g0b22e4e0f1 (webtiles) character file.

Game seed: 10131714922246017863

790 rocky1 the Grappler (level 7, 0/70 HPs)
             Began as a Troll Brigand on Dec 1, 2023.
             Was an Initiate of Makhleb.
             Slain by a killer bee (2 damage)
             ... in the Dungeon (Sprint IV: "Fedhas' Mad Dash").
             The game lasted 00:07:12 (2513 turns).

rocky1 the Grappler (Troll Brigand)                 Turns: 2513, Time: 00:07:13

Health: 0/70       AC:  5    Str: 20    XL:     7   Next: 57%
Magic:  6/6        EV: 10    Int:  7    God:    Makhleb [......]
Gold:   533        SH:  0    Dex: 13    Spells: 6/6 levels left

rFire   . .          .
                       - Unarmed
rCold   . . .        (no shield)
rNeg    . . .        b - +0 robe
rPois   .            (helmet restricted)
rElec   .            c - +0 cloak
rCorr   .            (gloves unavailable)
SInv    .            (boots unavailable)
Will    .....        l - amulet of invisibility {+Inv}
Stlth   +++          (no ring)
HPRegen 1.11/turn    (no ring)
MPRegen 0.10/turn

%: no teleportation
@: lethally poisoned (0 -> -1)
A: large, unfitting armour, claws 3, regeneration 1, shaggy fur 1, tough skin 1
a: Renounce Religion, Evoke Invisibility


You were in the Dungeon.
You worshipped Makhleb.
Makhleb was noncommittal.
You visited 1 branch You collected 533 gold pieces.

Inventory:

Missiles
 d - 9 poisoned darts
Armour
 b - a +0 robe (worn)
 c - a +0 cloak (worn)
Jewellery
 l - the amulet of invisibility (around neck) {+Inv}
   (You found it in the Dungeon)

   [amulet of nothing]

   +Inv:      It lets you turn invisible.
Talismans
 a - a maw talisman
Scrolls
 j - a scroll of enchant weapon {unknown}
 k - a scroll of blinking
Potions
 h - a potion of haste
 i - 2 potions of magic


   Skills:
 + Level 4.2 Fighting
 - Level 1.5 Short Blades
 - Level 1.7 Throwing
 - Level 1.6 Dodging
 * Level 5.4 Stealth
 + Level 10.2 Unarmed Combat
 - Level 2.9 Evocations
 * Level 7.6 Shapeshifting


You had 6 spell levels left.
You didn't know any spells.
Your spell library was empty.

Dungeon Overview and Level Annotations

Branches:
Dungeon (1/1)

Altars:
Cheibriados
Dithmenos
Elyvilon
Gozag
Hepliaklqana
Kikubaaqudgha
Makhleb
Nemelex Xobeh
Okawaru
Qazlal
Ru
Sif Muna
Trog
Uskayaw
Vehumet
Wu Jian
Xom
Yredelemnul
Zin
The Shining One
Jiyva
Lugonu

Shops:
D !?:[


Innate Abilities, Weirdness & Mutations

You are too large for most types of armour.
You have claws for hands.
Your natural rate of healing is unusually fast.
You are covered in fur. (AC +1)
You have tough skin. (AC +1)


Message History

The killer bee poisons you! The killer bee stings you.
* * * LOW HITPOINT WARNING * * *
You feel much better.
You feel very sick. The killer bee stings you! The killer bee stings you.
* * * LOW HITPOINT WARNING * * *
You are more poisoned.
The killer bee poisons you!
Unknown command.
Throw: dart (curare)
Press: ? - help, Q - select action, (/) - cycle Shift-Dir - straight line, f/p - killer bee
Aim: a killer bee (severely wounded, berserk, incited by Gozag, very poisoned, slow, 23% to hit)
You throw a curare-tipped dart.
The curare-tipped dart misses the killer bee.
The curare-tipped dart misses the killer bee.
You feel very sick. The killer bee completely misses you.
The killer bee stings you.
* * * LOW HITPOINT WARNING * * *
You claw the killer bee!
You kill the killer bee!
Makhleb accepts your kill.
You feel very sick.
Unknown command.
You barely miss the killer bee.
You feel sick. The killer bee barely misses you.
Unknown command.
You barely miss the killer bee. Your claw misses the killer bee.
You feel sick. The killer bee barely misses you.
The killer bee stings you but does no damage.
The killer bee stings you.
* * * LOW HITPOINT WARNING * * *
Unknown command.
You closely miss the killer bee.
* * * LOW HITPOINT WARNING * * *
You feel sick. The killer bee closely misses you. x2
Unknown command.
You closely miss the killer bee.
You feel sick. The killer bee barely misses you. The killer bee misses you.
The killer bee stings you.
You die...

###############################
#<..P#.....#.....#.⌠._._._._.⌠.
#.P..'.....'.#([.'.._._._._._..
#PPPP#.....#.#...#..._._._._...
###############'##.._._._._._..
♣..(..(†.y@..#._._._._._.⌠.
.....♣.....#y..##############
..y ♣..♣..###### + #+#####


You could see 2 killer bees.

Vanquished Creatures
  A burning bush (D)
  A wandering mushroom (D)
  3 scorpions (D)
  2 killer bees (D)
  4 oklob saplings (D)
  2 spriggans (D)
  A river rat (D)
  A rat (D)
15 creatures vanquished.

Vanquished Creatures (others)
  A wandering mushroom (D)
1 creature vanquished.

Grand Total: 16 creatures vanquished

Notes
Turn   | Place    | Note
-------+----------+-------------------------------------------
     0 | D        | rocky1 the Troll Brigand began the quest for the Orb.
     0 | D        | Reached XP level 1. HP: 19/19 MP: 0/0
    21 | D        | Reached skill level 1 in Unarmed Combat
    21 | D        | Reached XP level 2. HP: 25/28 MP: 1/1
    28 | D        | Noticed an oklob sapling
    31 | D        | Killed an oklob sapling
    32 | D        | Reached skill level 1 in Dodging
    32 | D        | Reached skill level 3 in Unarmed Combat
    32 | D        | Reached XP level 3. HP: 35/35 MP: 2/2
   334 | D        | Noticed a scorpion
   334 | D        | Found the amulet of invisibility {+Inv}
   344 | D        | Killed a scorpion
   345 | D        | Reached skill level 4 in Unarmed Combat
   345 | D        | Reached XP level 4. HP: 30/42 MP: 3/3
   979 | D        | Found an opulent altar of Gozag.
   979 | D        | Found a hazy altar of Hepliaklqana.
   979 | D        | Found a burning altar of Makhleb.
   979 | D        | Found a sparkling altar of Nemelex Xobeh.
   979 | D        | Found a snail-covered altar of Cheibriados.
   979 | D        | Found a sacrificial altar of Ru.
   979 | D        | Found a shimmering blue altar of Sif Muna.
   979 | D        | Found a shimmering altar of Xom.
   979 | D        | Found a basalt altar of Yredelemnul.
   980 | D        | Found a viscous altar of Jiyva.
   980 | D        | Found a bloodstained altar of Trog.
   980 | D        | Found an ornate altar of the Wu Jian Council.
   981 | D        | Found an iron altar of Okawaru.
   981 | D        | Found a shadowy altar of Dithmenos.
   981 | D        | Found a glowing silver altar of Zin.
   982 | D        | Found an ancient bone altar of Kikubaaqudgha.
   982 | D        | Found a hide-covered altar of Uskayaw.
   984 | D        | Found a stormy altar of Qazlal.
   984 | D        | Found a glowing golden altar of the Shining One.
   984 | D        | Found a white marble altar of Elyvilon.
   985 | D        | Found a radiant altar of Vehumet.
   985 | D        | Found a corrupted altar of Lugonu.
   994 | D        | Reached skill level 6 in Unarmed Combat
   994 | D        | Reached skill level 5 in Shapeshifting
   994 | D        | Reached XP level 5. HP: 38/49 MP: 4/4
  1011 | D        | Reached skill level 1 in Evocations
  1068 | D        | Reached skill level 7 in Unarmed Combat
  1068 | D        | Reached XP level 6. HP: 27/59 MP: 5/5
  1225 | D        | Found Baist's Magic Scroll Shop.
  1225 | D        | Found Laexoel's Distillery.
  1256 | D        | Became a worshipper of Gozag Ym Sagoz the Greedy
  1277 | D        | Noticed a burning bush
  1277 | D        | Noticed a wandering mushroom
  1280 | D        | Noticed a wandering mushroom
  1544 | D        | Killed a wandering mushroom
  1545 | D        | Reached skill level 8 in Unarmed Combat
  1867 | D        | Killed a burning bush
  1868 | D        | Reached skill level 5 in Stealth
  1868 | D        | Reached skill level 9 in Unarmed Combat
  1868 | D        | Reached XP level 7. HP: 37/70 MP: 6/6
  2186 | D        | Found Redghuq's Armour Emporium.
  2186 | D        | Found Quaxiff's Book Shoppe.
  2479 | D        | Fell from the grace of Gozag
  2479 | D        | Became a worshipper of Makhleb the Destroyer
  2496 | D        | Noticed a queen bee
  2505 | D        | Reached skill level 10 in Unarmed Combat
  2511 | D        | HP: 3/70 [killer bee (4)]
  2513 | D        | Slain by a killer bee

Illustrated notes

Levels and vault maps discovered:
D:        dungeon_sprint_fedhas [sprint_temple]

Skill      XL: |  1  2  3  4  5  6  7 |
---------------+----------------------+-----
Stealth        | 3 4 5 |  5.4
Unarmed Combat | 1 3 4 6 7 9 10 | 10.2
Dodging        | 1 |  1.6
Shapeshifting  | 2 4 5 6 7 |  7.6
Fighting       | 2 4 |  4.2
Evocations     | 1 2 |  2.9
Short Blades   | |  1.5
Throwing       | |  1.7

Action                     |  1- 3 |  4- 6 |  7- 9 || total
---------------------------+-------+-------+-------++-------
  Melee: Unarmed           |    26 |    45 |     8 ||    79
         Punch             |     1 |     2 |       ||     3
  Throw: Dart              |       |       |     3 ||     3
Ability: Evoke Invisibilit |       |     4 |       ||     4
    Use: Potion            |       |     2 |     1 ||     3
         Scroll            |       |       |     1 ||     1
   Stab: Sleeping          |       |     2 |     1 ||     3
         Invisible         |       |     1 |       ||     1
 Armour: Robe              |    18 |    23 |    14 ||    55
  Dodge: Dodged            |    11 |    19 |    15 ||    45
         Form:             |       |       |     1 ||     1
         Maw               |       |       |     1 ||     1

Table legend: (Time is in decaauts)
 A = Elapsed time spent in this place.
 B = Non-inter-level travel time spent in this place.
 C = Inter-level travel time spent in this place.
 D = Time resting spent in this place.
 E = Time spent auto-exploring this place.
 F = Levels seen in this place.
 G = Mean time per level.
                   A        B        C        D        E       F      G
               +--------+--------+--------+--------+--------+-----+--------+
         Total |   2514 |   2479 |     35 |   2128 |      0 |   1 | 2514.0 |
       Dungeon |   2514 |   2479 |     35 |   2128 |      0 |   1 | 2514.0 |
               +--------+--------+--------+--------+--------+-----+--------+

Top non-repeatable levels by time:
       D: 2514 daAuts
